cohdb
Replays
Latest Replays
All Replays
Popular Replays
Top Player Replays
Match Explorer
How It Works
Community
CoH3 Stats
Reddit
Sign in to upload your games and track your stats! →
Sign in with Steam
Match 41275395
Unlisted
Match 41275395
Overview
Messages
Build Orders
End
Construct Section Command Post
Selects Air and Sea Battlegroup
Infantry Section
Infantry Section
Infantry Section
Infantry Section
Construct Platoon Command Post
Selects Supply Surplus
Unlock Bishop Self-propelled Artillery
Selects UNKNOWN (223837)
Construct Resource Cache
Bishop Self-propelled Artillery
CMP 15cwt Truck
Construct Resource Cache
Bishop Self-propelled Artillery
6-pounder Anti-tank Gun Team
Construct Company Command Post
Selects Naval Bombardment
Centaur IV Medium Tank
Unlock Towed 17-pounder Anti-tank Guns
n行m动s代l号
LevineM
兄弟 sorry
k.tsapatzis
Husar
Stew
Buzzly
Supreme Waffle Lord 69
0
0
Comments
sign in to comment!
No comments posted yet!